 Dungeon Crawl Stone Soup version 0.21-a0-41-g5e91fef (webtiles) character file.

115 blackwizard the Caller (level 4, -5/39 HPs)
             Began as a Troll Summoner on June 4, 2017.
             Slain by Menkaure (13 damage)
             ... on level 4 of the Dungeon.
             The game lasted 00:16:08 (3095 turns).

blackwizard the Caller (Troll Summoner)             Turns: 3095, Time: 00:16:09

Health: -5/39      AC:  5    Str: 16    XL:     4   Next: 68%
Magic:  3/5        EV: 10    Int: 12    God:
Gold:   179        SH:  0    Dex: 10    Spells: 2/6 levels left

rFire    . . .     SeeInvis .   B - +0 mace
rCold    . . .     Gourm    +   (no shield)
rNeg     . . .     Faith    .   a - +0 robe
rPois    .         Spirit   .   (helmet restricted)
rElec    .         Reflect  .   (no cloak)
rCorr    .         Harm     +   (gloves unavailable)
MR       .....                  (boots unavailable)
Stlth    +.........             n - amulet of harm
Regen    0.6/turn               (no ring)
MPRegen  0.1/turn               (no ring)

@: no status effects
A: unfitting armour, claws 3, fast metabolism 3, gourmand, regeneration 1,
shaggy fur 1, tough skin 2
a: no special abilities


You were on level 4 of the Dungeon.
You were hungry.

You visited 1 branch of the dungeon, and saw 4 of its levels.

You collected 179 gold pieces.

Inventory:

Hand Weapons
 q - a +0 dagger
 t - a +0 spear
 B - a +0 mace (weapon)
Missiles
 d - 85 stones (quivered)
 i - 8 tomahawks
 p - 40 bolts
 x - 6 javelins
 y - 4 large rocks
 z - 46 arrows
 C - 13 sling bullets
Armour
 a - a +0 robe (worn)
 g - a +0 leather armour of magic resistance
Jewellery
 n - an amulet of harm (around neck)
Wands
 F - a wand of polymorph (14/24)
Scrolls
 e - 3 scrolls of teleportation {unknown}
 h - a scroll of immolation {unknown}
 k - 3 scrolls of identify {unknown}
 o - a scroll of recharging {unknown}
 r - 2 scrolls of noise {unknown}
 u - a scroll of remove curse {unknown}
 D - a scroll of blinking {unknown}
 E - a scroll of magic mapping {unknown}
Potions
 j - a potion of magic {unknown}
 m - 3 potions of heal wounds {unknown}
 s - 2 potions of curing {unknown}
 v - a potion of mutation {unknown}
 w - 2 potions of berserk rage {unknown}
 G - a potion of haste {unknown}
 H - a potion of resistance {unknown}
Books
 b - a book of Callings

   Spells                             Type                      Level
   a - Summon Small Mammal            Summoning                    1
   b - Call Imp                       Summoning                    2
   c - Call Canine Familiar           Summoning                    3
   d - Summon Guardian Golem          Hexes/Summoning              3
   e - Summon Lightning Spire         Summoning/Air                4
   f - Summon Ice Beast               Ice/Summoning                4
Comestibles
 c - 4 bread rations
 f - a royal jelly
 l - 2 meat rations
 A - 3 fruits


   Skills:
 + Level 0.2 Fighting
 + Level 1.0 Short Blades
 + Level 0.1 Maces & Flails
 + Level 2.4 Dodging
 + Level 1.1 Stealth
 + Level 0.2 Unarmed Combat
 + Level 1.9 Spellcasting
 + Level 3.4 Summonings


You had 2 spell levels left.
You knew the following spells:

 Your Spells              Type           Power        Failure   Level  Hunger
a - Summon Small Mammal   Summ           #...         7%          1    ##.....
b - Call Canine Familiar  Summ           #.......     21%         3    ####...


Dungeon Overview and Level Annotations

Branches:
Dungeon (4/15)
 Temple: D:4-7

Altars:

Annotations:
D:4 Menkaure


Innate Abilities, Weirdness & Mutations

You are too large for most types of armour.
You have claws for hands.
Your metabolism is lightning-fast.
You like to eat raw meat.
Your natural rate of healing is unusually fast.
You are covered in fur. (AC +1)
You have very tough skin. (AC +2)


Message History

Found a whip.
Menkaure, Prince of Dust comes into view.
Menkaure shouts!
Casting: Call Canine Familiar
Confirm with . or Enter, or press ? or * to list all spells.
Menkaure's bandages flutter.
You swap places.
You hit Menkaure but do no damage. Menkaure barely misses you.
You hit Menkaure but do no damage.
Menkaure gestures wildly while chanting.
Menkaure seems to speed up.
You hit Menkaure but do no damage. Menkaure hits you!!
Ouch! That really hurt!
Menkaure hits you.
* * * LOW HITPOINT WARNING * * *
You are feeling hungry.
You hit Menkaure but do no damage.
Menkaure blazes with dark energy!
Menkaure hits you!
You die...

#..###############.######.....)..
##.# #.# #..####.....#... ### #.#
#...#........... #.#
#........######. #M# #........#
.. #.# #........#.# ### #.#
#........#....#
#.####........####.#
#..M@h.......... #
######......<.... ##...........
###........# ##.## .# .


You could see Menkaure and a friendly hound.

Vanquished Creatures
  A centaur skeleton (D:4)
  A worker ant (D:3)
  An adder (D:2)
  A worm (D:3)
  A dart slug (D:2)
  A leopard gecko (D:1)
  4 orcs (D:3)
  A bat (D:2)
  A giant cockroach (D:1)
  2 goblins (D:3)
  2 hobgoblins
  3 jackals (D:1)
  2 kobolds
  7 rats
28 creatures vanquished.

Vanquished Creatures (collateral kills)
  An orc wizard (D:3)
  An adder (D:2)
  2 dart slugs
  4 hobgoblins
  2 jackals (D:3)
  A ball python (D:1)
  6 bats
  3 goblins (D:3)
  A kobold (D:3)
  2 rats
23 creatures vanquished.

Grand Total: 51 creatures vanquished

Notes
Turn   | Place    | Note
-------+----------+-------------------------------------------
     0 | D:1      | blackwizard the Troll Summoner began the quest for the Orb.
     0 | D:1      | Reached XP level 1. HP: 16/16 MP: 1/1
   136 | D:1      | Reached skill level 3 in Summonings
   305 | D:1      | Reached XP level 2. HP: 24/24 MP: 0/3
  1414 | D:2      | Reached XP level 3. HP: 20/31 MP: 1/4
  1535 | D:2      | Learned a level 3 spell: Call Canine Familiar
  2101 | D:3      | Reached XP level 4. HP: 31/39 MP: 2/5
  2510 | D:3      | Reached skill level 1 in Short Blades
  3005 | D:4      | Noticed Menkaure
  3095 | D:4      | Slain by Menkaure

Vault maps used:
D:1:      lemuel_arrival_rhombus, minmay_tripent
D:3:      first_bread, minmay_randomly_rotated_circles
D:4:      minmay_temple_entry_trees, serial_co_window_serial, co_window_paths_a,
          co_window_of_opportunity_a, co_window_paths_a, co_window_cross_1,
          co_window_corner_a, co_window_paths_a, co_window_corner_a,
          co_window_broadway_c, co_window_cross_2, co_window_paths_c,
          co_window_corner_b, co_window_4corner_a, glass_columns_a,
          glass_columns_a, uniq_robin, uniq_menkaure

Skill      XL: |  1  2  3  4 |
---------------+-------------+-----
Summonings     | 3 |  3.4
Dodging        | 2 |  2.4
Short Blades   | 1 |  1.0
Fighting       | |  0.2
Maces & Flails | |  0.1
Stealth        | |  1.1
Unarmed Combat | |  0.2
Spellcasting   | |  1.9

Action                   |  1- 3 |  4- 6 || total
-------------------------+-------+-------++-------
Melee: Unarmed           |    51 |       ||    51
       Dagger            |    84 |    14 ||    98
       Mace              |       |    20 ||    20
 Cast: Summon Small Mamm |    26 |       ||    26
       Call Canine Famil |     5 |     8 ||    13
  Eat: Meat ration       |     2 |       ||     2
       Bread ration      |     1 |     1 ||     2
       Chunk             |     4 |     5 ||     9
Armor: Robe              |   113 |    29 ||   142
       Skin              |       |     1 ||     1
Dodge: Dodged            |   123 |    34 ||   157
